 Dungeon Crawl Stone Soup version 0.14.0-15-g6b16f67 (webtiles) character file.

46 Bloax the Insei (level 3, -3/20 HPs)
             Began as a Tengu Transmuter on Apr 17, 2014.
             Slain by an orc
             ... wielding a +0,+0 war axe
              (8 damage)
             ... on Level 3 of the Dungeon.
             The game lasted 00:03:26 (511 turns).

Bloax the Insei (Tengu Transmuter)                   Turns: 511, Time: 00:03:27

HP  -3/20        AC  3     Str 10      XL: 3   Next:  4%
MP   7/7         EV 12     Int 13      God:
Gold 21          SH  0     Dex 15      Spells:  2 memorised,  3 levels left

rFire  . . .     SeeInvis .     i - +1,+0 short sword (vamp) {!w}
rCold  . . .     Clarity  .     c - +0 robe
rNeg   . . .     Conserve .     (no shield)
rPois  .         rCorr    .     (helmet restricted)
rElec  .         rRot     .     (no cloak)
SustAb . .       Spirit   .     n - +0 pair of gloves
rMut   .         Warding  .     (boots unavailable)
Saprov . . .     Stasis   .     (no amulet)
MR     .....                    (no ring)
                                (no ring)

@: not resistant to hostile enchantments, unstealthy
A: beak, talons 3
a: no special abilities


You were on level 3 of the Dungeon.
You were not hungry.

You visited 1 branch of the dungeon, and saw 3 of its levels.

You collected 21 gold pieces.


Innate Abilities, Weirdness & Mutations

You have a beak for a mouth.
You have claws for feet.


   Skills:
 - Level 1.0 Fighting
 + Level 0.4 Short Blades
 - Level 2.1 Dodging
 - Level 3.6 Unarmed Combat
 + Level 2.3 Spellcasting
 + Level 2.0 Transmutations


You had 3 spell levels left.
You knew the following spells:

 Your Spells              Type           Power        Failure   Level  Hunger
a - Beastly Appendage     Trmt           #.....       12%         1    #......
b - Sticks to Snakes      Trmt           #.........   17%         2    ###....


Dungeon Overview and Level Annotations

Branches:
Dungeon (3/15)

Altars:

Annotations:
D:2 Sigmund
D:3 Grinder

Inventory:

Hand weapons
 i - a +1,+0 vampiric short sword (weapon) {!w}
   (You found it on level 1 of the Dungeon)
Missiles
 b - 12 arrows
Armour
 c - a +0 robe (worn)
 g - a +0 buckler
   (You found it on level 1 of the Dungeon)
 n - a +0 pair of gloves (worn)
   (You found it on level 3 of the Dungeon)
Magical devices
 m - a wand of magic darts (10) {unknown}
   (You found it on level 2 of the Dungeon)
Comestibles
 a - 4 bread rations
 f - a meat ration
Scrolls
 e - a scroll of random uselessness {unknown}
 h - a scroll of remove curse {unknown}
 k - a scroll of enchant armour {unknown}
Potions
 j - a potion of heal wounds {unknown}
 l - a potion of curing {unknown}
Books
 d - a book of Changes

   Spells                             Type                      Level
   *Beastly Appendage                 Transmutation                1
   *Sticks to Snakes                  Transmutation                2
   Spider Form                        Transmutation/Poison         3
   Ice Form                           Ice/Transmutation            4
   Blade Hands                        Transmutation                5

#o...#.# ... ###....#.#
...# #......#.# #####...#
##......#.####.......#.#
..........oo.o...........
#######.#.####.........#
#.#.......[........
#.########(###...#
#....o@.)..........
#....####.....##.# #....#
#.....# ##...# ##.......
##### #...#### #####


You could see an orc.


Message History

The bat hits you but does no damage. The bat misses you.
You see here a quokka corpse.
The bat closely misses you. The bat completely misses you.
There is a stone staircase leading up here.
The bat hits you but does no damage. x2
You climb upwards.
Level annotation: Sigmund
There is a stone staircase leading down here.
Unknown command.
Found a bread ration and a lumpy brown potion.
Found a stone staircase leading down.
a - 4 bread rations (gained 1)
j - a lumpy brown potion
There is a stone staircase leading down here.
You climb downwards.
Level annotation: Grinder
There is a stone staircase leading up here.
Unknown command.
Memorise Sticks to Snakes, consuming 2 spell levels and leaving 2?
You finish memorising. 2 orcs come into view.
The orc shouts!
An orc wizard comes into view. It is wielding a dagger.
An orc comes into view. It is wielding a war axe.
Found a scale mail.
A kobold comes into view.
The kobold throws a dart.
The dart hits you!
You see here a dart.
The kobold throws a dart.
The dart hits you!
You see here a dart.
The kobold throws a dart.
The dart misses you.
There is a stone staircase leading up here.
You see here a dart.
Unknown command.
You swing at nothing.
You hit the orc. You claw the orc, but do no damage.
You peck the orc, but do no damage.
The orc is lightly wounded.
The orc hits you with a club.
You hit the orc.
You feel better.
You claw the orc, but do no damage.
The orc is severely wounded.
The orc barely misses you.
You hit the orc.
You feel better.
You kill the orc!
Your Transmutations skill increases to level 2!
You have reached level 3!
Your experience leads to an increase in your attributes!
Increase (S)trength, (I)ntelligence, or (D)exterity?
You feel agile. The kobold hits you.
Things that are here:
a club; a ring mail; an orc corpse; a dart You completely miss the kobold.
The orc shouts!
The kobold barely misses you.
You hit the kobold but do no damage. You claw the kobold.
You kill the kobold!
Things that are here:
a club; a ring mail; an orc corpse; a dart The orc hits you with a war axe.
There is a stone staircase leading up, spattered with blood here.
You see here a dart.
You closely miss the orc. The orc hits you with a war axe!
* * * LOW HITPOINT WARNING * * *
You hit the orc.
You feel better.
The orc is lightly wounded.
The orc hits you with a war axe!
You die...

Action                   || total
-------------------------++-------
Melee: Unarmed           ||    35
       Short sword       ||    20
 Cast: Beastly Appendage ||     8
  Use: Scroll            ||     1

Vault maps used:
D:1:      dpeg_arrival_tiny_j
D:2:      uniq_sigmund
D:3:      minitemple, first_bread, dk_noncrumbling_1, uniq_grinder

Notes
Turn   | Place    | Note
--------------------------------------------------------------
     0 | D:1      | Bloax, the Tengu Transmuter, began the quest for the Orb.
     0 | D:1      | Reached XP level 1. HP: 12/12 MP: 3/3
    69 | D:1      | Reached XP level 2. HP: 5/16 MP: 3/5
   133 | D:1      | HP: 3/16 [hobgoblin/club (2)]
   317 | D:2      | Noticed Sigmund
   426 | D:3      | Noticed Grinder
   478 | D:3      | Learned a level 2 spell: Sticks to Snakes
   502 | D:3      | Reached skill level 2 in Transmutations
   502 | D:3      | Reached XP level 3. HP: 16/20 MP: 7/7
   510 | D:3      | HP: 4/20 [orc/war axe (7)]
   511 | D:3      | Slain by an orc

Vanquished Creatures
  An ooze (D:1)
  2 orcs (D:3)
  8 goblins
  2 hobgoblins (D:1)
  A quokka (D:3)
  2 bats
  2 giant newts (D:1)
  A kobold (D:3)
  2 rats (D:1)
21 creatures vanquished.
